[Event "Early-Titled-Tuesday-Blitz-October-24-2023"]
[Site "Chess.com"]
[Date "2023.10.24"]
[Round "6"]
[White "Aygehovit1992"]
[Black "GMSrinath"]
[Result "0-1"]
[WhiteElo "2655"]
[BlackElo "2833"]
[TimeControl "180+1"]
[EndTime "9:07:34 PDT"]
[Termination "GMSrinath won on time"]

1. e4 c5 2. Nf3 d6 3. d4 cxd4 4. Nxd4 Nf6 5. Nc3 Nc6 6. Bg5 e6 7. Qd3 Bd7 8. O-O-O a6 9. f4 Be7 10. Be2 Rc8 11. Qg3 Nxd4 12. Rxd4 h6 13. Bh4 g5 14. fxg5 hxg5 15. Bxg5 Nh5 16. Bxe7 Nxg3 17. Bxd8 Nxh1 18. Bf6 Rxh2 19. Bf3 Rh6 20. e5 dxe5 21. Bxe5 Bc6 22. Ne4 Rd8 23. Nd6+ Ke7 24. Nxb7 Rxd4 25. Bxd4 Bxf3 26.
gxf3 Ng3 27. Bc5+ Kd7 28. b4 Nf5 29. a4 Rh3 30. f4 Rf3 31. Ba7 Rxf4 32. Nc5+ Kc6 33.
c3 Nd6 34. Bb8 Rf1+ 35. Kc2 Nc4 36. Nxa6 Kb7 37. b5 Rf2+ 38. Kb3 Na5+ 39. Kb4 Nc6+ 40. bxc6+ Kxa6 41. Kc5 Ra2 42. Kd6 Rxa4 43. Ke7 Rc4 44. Kxf7 Rxc6 45. Ke7 Kb5 46. Bd6 Rxc3 47. Kxe6 Kc6 48.
Bf4 Rf3 49. Kf5 Kd5 50. Kg4 Ke4 51. Bc7 Rf7 52. Bb6 Rg7+ 53. Kh3 Kf3 54. Kh2 Rh7+ 55. Kg1 Kg3 56. Kf1 Rd7 57. Bc5 Kf3 58. Kg1 Rd5 59.
Bb6 Rb5 60. Ba7 Rh5 61. Bb6 Rh7 62. Bc5 Rg7+ 63. Kh1 Rc7 64. Bb6 Rc2 65. Ba7 Kg3 66. Bb8+ Kh3 67. Kg1 Rg2+ 68. Kf1 Rg8 69. Bc7 Kg4 70.
Ke2 Kf5 71. Kf3 Rc8 72. Bb6 Rc2 73. Ba7 Rb2 74. Bc5 Rh2 75. Ke3 Kg4 76. Bb6 Rc2 77. Bd4 Rc6 78. Ba7 Kf5 79. Kf3 Re6 80. Be3 Rg6 81.
Bf2 Rg4 82. Be3 Rh4 83. Bf2 Rh3+ 84. Bg3 Rh1 85. Kg2 Rb1 86. Kf3 Rb2 87. Bf2 Rb4 88.
Be3 Rb3 89. Kg2 Rxe3 0-1

[Event "Early-Titled-Tuesday-Blitz-October-24-2023"]
[Site "Chess.com"]
[Date "2023.10.24"]
[Round "6"]
[White "tusplingher"]
[Black "EvgenyBurmakin"]
[Result "0-1"]
[WhiteElo "2492"]
[BlackElo "2348"]
[TimeControl "180+1"]
[EndTime "9:07:36 PDT"]
[Termination "EvgenyBurmakin won by checkmate"]

1. e4 c5 2. b3 e5 3. Bb2 Nc6 4. Bb5 Nd4 5. Bd3 Nf6 6. Nf3 d6 7.
c3 Ne6 8. O-O a6 9. Bc2 Be7 10. d4 Nd7 11. Nbd2 O-O 12. Nc4 b5 13. Ne3 Nf4 14. dxe5 dxe5 15. Nd5 Bb7 16. Nxf4 exf4 17. Qd2 Qc7 18. Rad1 Rad8 19. Qe2 c4 20. bxc4 bxc4 21. Nd4 Ne5 22. Nf5 Bc5 23. Bc1 f3 24. gxf3 Ng6 25.
Kh1 Nf4 26. Bxf4 Qxf4 27. Rg1 g6 28. Rxd8 Rxd8 29. Ne3 Kf8 30. Rg4 Qf6 31. Nd5 Bxd5 32. exd5 Qxc3 33. Rxc4 Qa1+ 34. Kg2 Rxd5 35. h4 Qf6 36. Qe4 Re5 37. Qg4 Kg7 38. Be4 Ba7 39. Rc7 Qb6 40. Rc2 f5 41. Qf4 Qd6 42. Rd2 Qe6 43.
Rd7+ Qxd7 44. Qxe5+ Kh6 45. Bd5 Bb6 46. Qf4+ Kg7 47.
Qe5+ Kh6 48. Bb3 Bc7 49. Qe3+ Kg7 50. Qc3+ Kh6 51. Qc1+ Kg7 52. Be6 Qd6 53. Kf1 Qf4 54.
Qc3+ Kh6 55. Bd5 Qe5 56. Qxe5 Bxe5 57. Ke2 Kg7 58. Ke3 Kf6 59. f4 Bd6 60. Bb7 Bc5+ 61. Kf3 a5 62. Bc6 Ke6 63. Bb5 h5 64. Bc4+ Kf6 65.
Ke2 Bd6 66. Ke3 Bc7 67. Bd3 Ke7 68. Kf3 Kd6 69. Bb5 Ke7 70. Ba4 Kf6 71. Ke3 Ke7 72. f3 Kf6 73. Bb3 Bb6+ 74. Ke2 Bd4 75. Kd3 Bf2 76.
Kc4 Bxh4 77. Kb5 Be1 78. Bd1 h4 79. Be2 h3 80. Bf1 h2 81. Bg2 Ke6 82. Kc4 Bd2 83.
Kb5 Kd5 84. a4 Kd4 85. Kc6 Bxf4 86. Kd7 Bd2 87. Ke6 Ke3 88. Kf6 Kf2 89. Bh1 Kg1 90. Kxg6 Kxh1 91. Kxf5 Kg2 92. f4 h1=Q 93. Kg6 Qh4 94.
f5 Qf4 95. Kh7 Qxf5+ 96. Kg7 Qe6 97. Kf8 Qd7 98. Kg8 Bc3 99. Kf8 Bd4 100. Kg8 Qg7# 0-1

[Event "Early-Titled-Tuesday-Blitz-October-24-2023"]
[Site "Chess.com"]
[Date "2023.10.24"]
[Round "7"]
[White "MKlose11"]
[Black "esrosenberg"]
[Result "1-0"]
[WhiteElo "2629"]
[BlackElo "2458"]
[TimeControl "180+1"]
[EndTime "9:10:47 PDT"]
[Termination "MKlose11 won by resignation"]

1. e4 e5 2. Nf3 Nc6 3. d4 exd4 4.
Bc4 Nf6 5. O-O Nxe4 6. Re1 d5 7.
Bxd5 Qxd5 8. Nc3 Qd7 9. Rxe4+ Be7 10. Nxd4 O-O 11. Nxc6 Qxc6 12. Rxe7 Be6 13. Bf4 Rfd8 14. Qf3 Qb6 15. b3 Rac8 16. Qg3 Bf5 17. Bxc7 1-0

[Event "Early-Titled-Tuesday-Blitz-October-24-2023"]
[Site "Chess.com"]
[Date "2023.10.24"]
[Round "7"]
[White "Thunderbolt135"]
[Black "FREDERICKtheMATE"]
[Result "1-0"]
[WhiteElo "2733"]
[BlackElo "2588"]
[TimeControl "180+1"]
[EndTime "9:10:53 PDT"]
[Termination "Thunderbolt135 won by checkmate"]

1. g3 c6 2. Bg2 d5 3. Nf3 Nf6 4. O-O g6 5. b3 Bg7 6. Bb2 O-O 7. c4 Nbd7 8. d3 Re8 9. Nc3 e5 10. cxd5 cxd5 11. Nb5 a6 12. Nd6 Re6 13. Nxf7 Kxf7 14. Ng5+ Ke7 15. Ba3+ Ke8 16. Nxe6 Qa5 17. Nxg7+ Kf7 18. Bb2 Kxg7 19. f4 d4 20. fxe5 Qxe5 21. Qd2 Nc5 22. Rac1 Ne6 23. e3 Nd5 24. exd4 Nxd4 25.
Qf2 Ne3 26. Qf8# 1-0

[Event "Early-Titled-Tuesday-Blitz-October-24-2023"]
[Site "Chess.com"]
[Date "2023.10.24"]
[Round "7"]
[White "EdmundPlayer"]
[Black "Alenzer"]
[Result "1-0"]
[WhiteElo "2198"]
[BlackElo "2059"]
[TimeControl "180+1"]
[EndTime "9:11:00 PDT"]
[Termination "EdmundPlayer won by resignation"]

1. Nc3 d5 2. e4 d4 3. Nce2 c5 4. Ng3 Nc6 5. Bc4 e6 6. d3 Nf6 7. f4 Be7 8. Nf3 a6 9. a4 b6 10. O-O Bb7 11. f5 e5 12. Nh1 Na5 13. Ba2 Qd7 14. Nxe5 Qc7 15. Nxf7 O-O 16. Bf4 1-0

[Event "Early-Titled-Tuesday-Blitz-October-24-2023"]
[Site "Chess.com"]
[Date "2023.10.24"]
[Round "7"]
[White "blitzking1729"]
[Black "OPQRC"]
[Result "1-0"]
[WhiteElo "2802"]
[BlackElo "2585"]
[TimeControl "180+1"]
[EndTime "9:11:11 PDT"]
[Termination "blitzking1729 won by resignation"]

1. d4 Nf6 2. Bg5 g6 3. Bxf6 exf6 4. e3 Bg7 5. g3 O-O 6. Bg2 d5 7. Ne2 c6 8. O-O Re8 9. Nd2 b5 10. a4 bxa4 11. c4 Be6 12. Qxa4 Qb6 13. cxd5 Bxd5 14.
Bxd5 cxd5 15. Qxe8+ 1-0

[Event "Early-Titled-Tuesday-Blitz-October-24-2023"]
[Site "Chess.com"]
[Date "2023.10.24"]
[Round "7"]
[White "GHANDEEVAM2003"]
[Black "Iball95"]
[Result "1-0"]
[WhiteElo "3034"]
[BlackElo "2853"]
[TimeControl "180+1"]
[EndTime "9:11:50 PDT"]
[Termination "GHANDEEVAM2003 won by resignation"]

1. Nf3 d5 2. e3 Nf6 3. c4 e6 4. Nc3 c5 5. cxd5 exd5 6. d4 Nc6 7. Bb5 cxd4 8. exd4 Bd6 9. O-O O-O 10. h3 h6 11. Re1 Bf5 12. Ne5 Rc8 13. Bf4 Re8 14. Qa4 Qb6 15. Re3 Nxd4 16. Bxe8 Rxe8 17. Nxd5 Nxd5 18. Qxe8+ Bf8 19. Qxf7+ 1-0

[Event "Early-Titled-Tuesday-Blitz-October-24-2023"]
[Site "Chess.com"]
[Date "2023.10.24"]
[Round "7"]
[White "fen_fire"]
[Black "rocket10jan"]
[Result "1-0"]
[WhiteElo "2539"]
[BlackElo "2385"]
[TimeControl "180+1"]
[EndTime "9:12:03 PDT"]
[Termination "fen_fire won by resignation"]

1. d4 d5 2. Nf3 e6 3. e3 Nf6 4. Bd3 c5 5. b3 cxd4 6. exd4 Nc6 7. a3 Bd6 8. O-O O-O 9. Bb2 b6 10.
Nbd2 a5 11. Qe2 Qc7 12. Ne5 Bb7 13. f4 Nd7 14. Rf3 g6 15. Rh3 Rae8 16. Rf1 Re7 17. Qg4 f5 18. Qh4 Rg7 19. Ndf3 Nf6 20. Ng5 Bc8 21. c4 Ne4 22. Bxe4 dxe4 23. Nxc6 Qxc6 24.
Nxh7 Rff7 25. Ng5 1-0

[Event "Early-Titled-Tuesday-Blitz-October-24-2023"]
[Site "Chess.com"]
[Date "2023.10.24"]
[Round "7"]
[White "MokshAD1603"]
[Black "Oleksandr_Bortnyk"]
[Result "0-1"]
[WhiteElo "2641"]
[BlackElo "3030"]
[TimeControl "180+1"]
[EndTime "9:12:10 PDT"]
[Termination "Oleksandr_Bortnyk won by resignation"]

1. d4 d6 2. e4 Nf6 3. Nc3 Nbd7 4. Nf3 e5 5. Bc4 Be7 6. O-O O-O 7. a4 c6 8. Re1 a5 9. h3 Qc7 10. Be3 exd4 11. Nxd4 Re8 12. Nf5 Bf8 13. Bf4 Ne5 14. Bb3 Bxf5 15. exf5 d5 16. Bg5 Be7 17. f4 Ned7 18.
Qf3 Bb4 19. Rxe8+ Rxe8 20. Rd1 Bxc3 21. Qxc3 h6 22. Bxf6 Nxf6 23. Qd4 Re4 24. Qd2 Rxf4 25. c3 Qb6+ 26. Kh2 Rf2 27. Qe1 Rxb2 0-1

[Event "Early-Titled-Tuesday-Blitz-October-24-2023"]
[Site "Chess.com"]
[Date "2023.10.24"]
[Round "7"]
[White "topin8"]
[Black "zeebraa"]
[Result "0-1"]
[WhiteElo "2440"]
[BlackElo "2331"]
[TimeControl "180+1"]
[EndTime "9:12:24 PDT"]
[Termination "zeebraa won by resignation"]

1. e4 c5 2. Nf3 Nc6 3. Bb5 g6 4. O-O Bg7 5. Re1 Nf6 6. e5 Nd5 7. Nc3 Nc7 8. Bxc6 dxc6 9. h3 O-O 10. d3 Ne6 11. Ne4 b6 12. Neg5 h6 13. Ne4 Nd4 14. Nxd4 cxd4 15. f4 c5 16. a4 f5 17. Nd2 Bb7 18. b3 a6 19. Nf3 e6 20. Qe2 Qd5 21. Bd2 Rf7 22. Qf2 Bf8 23. Kh2 Rg7 24. Rg1 Be7 25.
g4 Qxf3 26. Qxf3 Bxf3 27. g5 hxg5 28. fxg5 Kf7 29. Kg3 Bd5 30. h4 Rh7 31. Be1 Rah8 32.
Kh3 Rh5 0-1

[Event "Early-Titled-Tuesday-Blitz-October-24-2023"]
[Site "Chess.com"]
[Date "2023.10.24"]
[Round "7"]
[White "LuisFSiles"]
[Black "Cheer_Down"]
[Result "1-0"]
[WhiteElo "2287"]
[BlackElo "2416"]
[TimeControl "180+1"]
[EndTime "9:12:28 PDT"]
[Termination "LuisFSiles won by resignation"]

1. e4 c5 2. Nf3 d6 3. d4 cxd4 4. Nxd4 Nf6 5. Nc3 a6 6. Bg5 e6 7. Qf3 h6 8. Bd2 Nc6 9. Nb3 Be7 10. Bd3 Ne5 11. Qg3 Nxd3+ 12. cxd3 Nh5 13. Qf3 Nf6 14.
O-O O-O 15. Qg3 Nh5 16. Qh3 Nf6 17. f4 e5 18. f5 d5 19. Bxh6 gxh6 20. Qxh6 dxe4 21.
dxe4 Qb6+ 22. Kh1 Nd5 23. f6 Nxf6 24. Rf3 Be6 25. Nd5 Rfd8 1-0

[Event "Early-Titled-Tuesday-Blitz-October-24-2023"]
[Site "Chess.com"]
[Date "2023.10.24"]
[Round "7"]
[White "pankajfm"]
[Black "Balla_Tamas"]
[Result "1-0"]
[WhiteElo "2177"]
[BlackElo "2328"]
[TimeControl "180+1"]
[EndTime "9:12:31 PDT"]
[Termination "pankajfm won by resignation"]

1. e4 c5 2. Nc3 Nc6 3. g3 g6 4. Bg2 Bg7 5. d3 e6 6. Be3 d6 7. f4 Nge7 8. Nf3 O-O 9. O-O Rb8 10. Bf2 b5 11. Rb1 b4 12. Ne2 a5 13. g4 f5 14.
gxf5 exf5 15. e5 dxe5 16. Bxc5 exf4 17. Nxf4 Kh8 18. d4 Re8 19. Kh1 Bb7 20. Ng5 Qd7 21.
c3 h6 22. Nge6 bxc3 23. bxc3 Nd8 24. Rxb7 Rxb7 25. Nxd8 Rxd8 26. Bxe7 Qxe7 27. Nxg6+ 1-0

[Event "Early-Titled-Tuesday-Blitz-October-24-2023"]
[Site "Chess.com"]
[Date "2023.10.24"]
[Round "7"]
[White "Sofia_Blokhin"]
[Black "Ykow"]
[Result "0-1"]
[WhiteElo "2262"]
[BlackElo "2520"]
[TimeControl "180+1"]
[EndTime "9:12:32 PDT"]
[Termination "Ykow won by resignation"]

1. d4 d5 2. c4 e5 3. dxe5 d4 4. a3 Nc6 5. Nf3 Bg4 6. Bf4 Nge7 7. e3 Ng6 8. Bg3 dxe3 9. Qxd8+ Rxd8 10. fxe3 Bc5 11. Bf4 Nxf4 12. exf4 Be3 13. Nc3 Bxf3 14. gxf3 Bxf4 15. Rg1 O-O 16. e6 fxe6 17. Bh3 Nd4 18. Kf2 Bxh2 19. Rg4 Be5 20. Bg2 Nf5 21. Ne4 h5 22. Rg5 Bd4+ 23. Ke2 h4 24. Bh3 Bxb2 25. Rag1 Nd4+ 26. Ke3 Rxf3+ 27. Kd2 Nf5+ 28. Kc2 Rxh3 29. Kxb2 Rd4 30. Nf6+ Kf7 31. Nh5 Rd2+ 32. Kc1 Ra2 33. Nxg7 Ra1+ 34. Kb2 Rxg1 0-1

[Event "Early-Titled-Tuesday-Blitz-October-24-2023"]
[Site "Chess.com"]
[Date "2023.10.24"]
[Round "7"]
[White "rajesh1464"]
[Black "IsaqueGoncalvesSanto"]
[Result "1-0"]
[WhiteElo "2301"]
[BlackElo "1828"]
[TimeControl "180+1"]
[EndTime "9:12:32 PDT"]
[Termination "rajesh1464 won by checkmate"]

1. d4 e6 2. Nc3 Bb4 3. e4 d5 4. e5 Qd7 5. Bd3 b6 6. Qe2 Ne7 7. a3 Bxc3+ 8. bxc3 Qa4 9. Nf3 Ba6 10.
O-O Bxd3 11. cxd3 c5 12. c4 dxc4 13. dxc4 cxd4 14. Nxd4 Nd7 15. Nb5 O-O 16. Bg5 Nc6 17. f4 Na5 18. Rac1 Rac8 19. Nd6 Rc6 20. Rc3 Nc5 21. Rg3 Nab7 22. Bf6 g6 23. Qh5 Nxd6 24. Qxh7+ Kxh7 25. Rh3+ Kg8 26. Rh8# 1-0

[Event "Early-Titled-Tuesday-Blitz-October-24-2023"]
[Site "Chess.com"]
[Date "2023.10.24"]
[Round "7"]
[White "Korchmar_Vasiliy"]
[Black "deribas12345"]
[Result "1-0"]
[WhiteElo "2771"]
[BlackElo "2578"]
[TimeControl "180+1"]
[EndTime "9:12:40 PDT"]
[Termination "Korchmar_Vasiliy won on time"]

1. e4 c5 2. d4 e6 3. d5 d6 4. Nc3 e5 5. Bb5+ Bd7 6. a4 a6 7. Be2 g6 8. Nf3 Bh6 9. Bxh6 Nxh6 10. Nd2 O-O 11. Nc4 Qe7 12. h4 f6 13. a5 Ra7 14.
g4 Nf7 15. h5 g5 16. O-O Bc8 17. Rb1 Nd7 18. Na4 Nh6 19. f3 Ra8 20. Qd2 Rb8 21. Kg2 Kh8 22. b4 Nf7 23. bxc5 Nxc5 24. Nxc5 dxc5 25. Rb6 Rd8 26. Rfb1 f5 27. exf5 e4 28. Qc3+ Kg8 29. fxe4 Qxe4+ 30. Bf3 Qe7 31. h6 1-0

[Event "Early-Titled-Tuesday-Blitz-October-24-2023"]
[Site "Chess.com"]
[Date "2023.10.24"]
[Round "7"]
[White "CristianS27"]
[Black "Nyzhnyk_Illia"]
[Result "0-1"]
[WhiteElo "2559"]
[BlackElo "2877"]
[TimeControl "180+1"]
[EndTime "9:12:42 PDT"]
[Termination "Nyzhnyk_Illia won by resignation"]

1. e4 c6 2. d4 d5 3. exd5 cxd5 4.
c4 Nf6 5. Nc3 e6 6. c5 Nc6 7.
Nf3 g6 8. Bb5 Bg7 9. Bf4 O-O 10. Bd6 Re8 11. Ne5 Bd7 12. Bxc6 Bxc6 13. b4 Ne4 14. Qf3 Nxc3 15. Qxf7+ Kh8 16. Qf3 Qh4 17.
Qxc3 Qe4+ 18. Qe3 Qxg2 19. O-O-O a5 20. Rhg1 Qe4 21. Qxe4 dxe4 22. Nxg6+ hxg6 23. Rxg6 Kh7 24. Rdg1 Bh6+ 25. Kb2 Rg8 26. Rxg8 Rxg8 27. Rxg8 Kxg8 28. bxa5 Bd2 29. Bc7 Be1 30. Bg3 Bxa5 31. Kc2 Kf7 32. h4 Kg6 33. Kd1 Bb5 34. Be5 Kh5 35. Bg3 Kg4 36. Be5 Kxh4 0-1

[Event "Early-Titled-Tuesday-Blitz-October-24-2023"]
[Site "Chess.com"]
[Date "2023.10.24"]
[Round "7"]
[White "Rud_Makarian"]
[Black "I_am_Javi"]
[Result "1-0"]
[WhiteElo "2973"]
[BlackElo "2805"]
[TimeControl "180+1"]
[EndTime "9:12:50 PDT"]
[Termination "Rud_Makarian won by resignation"]

1. d4 Nf6 2. c4 g6 3. Nc3 Bg7 4. e4 d6 5. Be2 O-O 6. Be3 e5 7. d5 a5 8. g4 Na6 9. g5 Nd7 10. h4 Ndc5 11. h5 c6 12. Nf3 Bg4 13. Kf1 cxd5 14.
cxd5 Rc8 15. Nd2 Bxe2+ 16. Qxe2 Nb4 17. Nf3 f5 18. hxg6 h6 19. gxh6 fxe4 20. hxg7 exf3 21. gxf8=Q+ Qxf8 22. Qd2 Qf5 23. Bxc5 1-0

[Event "Early-Titled-Tuesday-Blitz-October-24-2023"]
[Site "Chess.com"]
[Date "2023.10.24"]
[Round "7"]
[White "Matols"]
[Black "CraiggoryC"]
[Result "1-0"]
[WhiteElo "2409"]
[BlackElo "2229"]
[TimeControl "180+1"]
[EndTime "9:12:51 PDT"]
[Termination "Matols won by resignation"]

1. d4 e6 2. c4 Nf6 3. g3 d5 4.
Nf3 Be7 5. Bg2 O-O 6. O-O dxc4 7. Qc2 a6 8. a4 Bd7 9. Qxc4 Bc6 10. Bf4 a5 11. Nc3 Na6 12. Rfd1 Nb4 13. Rac1 Nfd5 14. Bd2 Nb6 15. Qb3 Bd5 16. Nxd5 Qxd5 17. Qxd5 exd5 18. Rxc7 Bd8 19. Rxb7 Nxa4 20. Bxb4 axb4 21. Rxb4 Be7 22. Rb7 Rfe8 23. Ra1 Bf8 24. e3 Rec8 25. Ne5 f6 26. Bxd5+ Kh8 27. Nf7+ 1-0

[Event "Early-Titled-Tuesday-Blitz-October-24-2023"]
[Site "Chess.com"]
[Date "2023.10.24"]
[Round "7"]
[White "ZeGood_ZeBad_ZeUgly"]
[Black "tarno17"]
[Result "1-0"]
[WhiteElo "2308"]
[BlackElo "2108"]
[TimeControl "180+1"]
[EndTime "9:12:52 PDT"]
[Termination "ZeGood_ZeBad_ZeUgly won by checkmate"]

1. e4 c5 2. Nf3 e6 3. d4 cxd4 4.
Nxd4 a6 5. Nc3 Qc7 6. a3 b5 7.
Be3 Bb7 8. Be2 Nf6 9. f3 d5 10.
exd5 Nxd5 11. Nxd5 Bxd5 12. Rc1 Bd6 13. Qd2 Bxh2 14. f4 Bg3+ 15. Kf1 e5 16. Nf5 Bxf4 17.
Bxf4 Bxg2+ 18. Kxg2 exf4 19. Bf3 O-O 20. Bxa8 Nd7 21.
Ne7+ Kh8 22. Rxh7+ Kxh7 23. Rh1# 1-0

[Event "Early-Titled-Tuesday-Blitz-October-24-2023"]
[Site "Chess.com"]
[Date "2023.10.24"]
[Round "7"]
[White "Chernov_Mikhail"]
[Black "SaqoChess_Twitch"]
[Result "1-0"]
[WhiteElo "2435"]
[BlackElo "2563"]
[TimeControl "180+1"]
[EndTime "9:12:55 PDT"]
[Termination "Chernov_Mikhail won by checkmate"]

1. d4 d6 2. e4 e5 3. dxe5 dxe5 4. Qxd8+ Kxd8 5. Nf3 f6 6. Nc3 c6 7. Be3 Kc7 8. O-O-O Be6 9. Nd2 Nd7 10. f4 Bb4 11.
f5 Bf7 12. Bc4 Nh6 13. Bxh6 Bxc4 14. Bxg7 Rhg8 15. Nxc4 Rxg7 16. g3 Bxc3 17. bxc3 Nc5 18. Rhe1 b5 19. Nb2 a5 20. Nd3 Na4 21. a3 Nxc3 22.
Rd2 b4 23. Nc5 bxa3 24. Ne6+ Kc8 25. Rd8+ Kb7 26. Rxa8 Re7 27. Rxa5 a2 28. Kb2 Kb6 29. Ra8 Nb1 30. Kxa2 Nd2 31. Rd1 Nc4 32. Rb1+ Nb2 33. Rxb2# 1-0

[Event "Early-Titled-Tuesday-Blitz-October-24-2023"]
[Site "Chess.com"]
[Date "2023.10.24"]
[Round "7"]
[White "ExchangeAB"]
[Black "twitchTriniCupid"]
[Result "1-0"]
[WhiteElo "2541"]
[BlackElo "2331"]
[TimeControl "180+1"]
[EndTime "9:12:56 PDT"]
[Termination "ExchangeAB won by resignation"]

1. d4 Nf6 2. Nc3 d5 3. Bf4 c5 4. e3 a6 5. dxc5 Nc6 6. a3 e5 7.
Bg5 d4 8. exd4 Nxd4 9. b4 Be7 10. Nf3 Bg4 11. Be2 Bxf3 12. Bxf3 Nxf3+ 13. Qxf3 Qd4 14. Rd1 Qc4 15. Qd3 Qe6 16. Bxf6 Bxf6 17. Qd5 Qf5 18. Ne4 O-O 19. c4 Rad8 20. Nd6 Qc2 21. O-O Qb3 22.
Rd3 Qa4 23. Rf3 Be7 24. Rxf7 1-0

[Event "Early-Titled-Tuesday-Blitz-October-24-2023"]
[Site "Chess.com"]
[Date "2023.10.24"]
[Round "7"]
[White "Masterbeaterr"]
[Black "jraosam"]
[Result "0-1"]
[WhiteElo "2422"]
[BlackElo "2164"]
[TimeControl "180+1"]
[EndTime "9:12:56 PDT"]
[Termination "jraosam won by checkmate"]

1. d4 d5 2. c4 c6 3. Nc3 Nf6 4. e3 e6 5. Nf3 Bd6 6. b3 Nbd7 7.
Bb2 O-O 8. Rc1 Qe7 9. Rc2 b6 10. Qc1 Bb7 11. cxd5 exd5 12. Bd3 Rac8 13. O-O c5 14.
Ne2 Ne4 15. Ng3 f5 16. dxc5 bxc5 17. Rd1 g6 18. Bb5 Ndf6 19. Ba3 h5 20. Nxe4 fxe4 21. Ne1 Ng4 22. h3 Qe5 23. hxg4 Qh2+ 24. Kf1 h4 25. Bxc5 Bxc5 26. Rxc5 h3 27. gxh3 Qxf2# 0-1

[Event "Early-Titled-Tuesday-Blitz-October-24-2023"]
[Site "Chess.com"]
[Date "2023.10.24"]
[Round "7"]
[White "kleinebeer98"]
[Black "Duhless"]
[Result "0-1"]
[WhiteElo "2845"]
[BlackElo "3083"]
[TimeControl "180+1"]
[EndTime "9:12:57 PDT"]
[Termination "Duhless won by resignation"]

1. e4 c5 2. Nf3 e6 3. d4 cxd4 4. Bg5 f6 5. Bc1 Bb4+ 6. c3 dxc3 7. bxc3 Bc5 8. Nd4 b6 9. Bc4 Ba6 10. Bxa6 Nxa6 11. Nxe6 dxe6 12. Qa4+ Qd7 13. Qxa6 Ne7 14. Ba3 Rc8 15. O-O O-O 16. Bb4 Bxb4 17. cxb4 Nc6 18.
a3 Nd4 19. Ra2 f5 20. exf5 e5 21. Nd2 Qxf5 22. f3 Rc2 23. Rxc2 Qxc2 24. Ne4 Ne2+ 25. Kf2 Nf4+ 0-1

[Event "Early-Titled-Tuesday-Blitz-October-24-2023"]
[Site "Chess.com"]
[Date "2023.10.24"]
[Round "7"]
[White "Giorno"]
[Black "KVAIDAN"]
[Result "1-0"]
[WhiteElo "2548"]
[BlackElo "2375"]
[TimeControl "180+1"]
[EndTime "9:13:00 PDT"]
[Termination "Giorno won by checkmate"]

1. g3 f5 2. Bg2 Nf6 3. c4 d6 4. d3 e5 5. Nc3 Be7 6. e4 O-O 7. Nge2 Nc6 8. h3 Qe8 9. Be3 Qg6 10. O-O f4 11. gxf4 Bxh3 12. Ng3 Nh5 13. Qxh5 Bxg2 14. Kxg2 exf4 15. Qxg6 hxg6 16. Bxf4 Rxf4 17. Nd5 Rf7 18.
Nxc7 Rc8 19. Nd5 Ne5 20. Rad1 a6 21. f4 Ng4 22. f5 gxf5 23. Nxf5 Bf8 24. Rf4 Ne5 25.
b3 b5 26. d4 Nc6 27. Rg4 Rb7 28. cxb5 axb5 29. Rc1 Rbb8 30. Rxc6 Rxc6 31. Nde7+ Bxe7 32. Nxe7+ Kf7 33. Nxc6 Ra8 34. Rf4+ Ke8 35. Rf2 b4 36.
Nxb4 Kd7 37. Nd5 Rh8 38. Rf7+ Kc6 39. Rc7+ Kb5 40. a4+ Ka5 41. Ra7# 1-0

[Event "Early-Titled-Tuesday-Blitz-October-24-2023"]
[Site "Chess.com"]
[Date "2023.10.24"]
[Round "7"]
[White "santosalberto1987"]
[Black "whitemirrorninja"]
[Result "1-0"]
[WhiteElo "2431"]
[BlackElo "2564"]
[TimeControl "180+1"]
[EndTime "9:13:03 PDT"]
[Termination "santosalberto1987 won by checkmate"]

1. e4 g6 2. d4 Bg7 3. Nc3 b6 4. h4 Bb7 5. h5 c5 6. Nf3 cxd4 7. Nxd4 Nc6 8. Be3 Rc8 9. Qd2 Ne5 10. f3 a6 11.
O-O-O b5 12. Kb1 d6 13. Nd5 Nc4 14. Bxc4 bxc4 15. Qb4 Bxd5 16. exd5 gxh5 17. Nc6 Qd7 18. Bg5 Nf6 19. Rhe1 Rxc6 20. dxc6 Qxc6 21. Qb8+ Kd7 22.
Qa7+ Kc8 23. Rxe7 Nd5 24. Rxd5 Bxb2 25. Kxb2 c3+ 26. Ka1 Qc4 27. Qa8# 1-0

[Event "Early-Titled-Tuesday-Blitz-October-24-2023"]
[Site "Chess.com"]
[Date "2023.10.24"]
[Round "7"]
[White "pinguino120"]
[Black "Kopytkin"]
[Result "1-0"]
[WhiteElo "2217"]
[BlackElo "2377"]
[TimeControl "180+1"]
[EndTime "9:13:04 PDT"]
[Termination "pinguino120 won by resignation"]

1. e4 Nf6 2. e5 Nd5 3. d4 d6 4. c4 Nb6 5. exd6 cxd6 6. Nc3 g6 7.
Be3 Bg7 8. Rc1 O-O 9. b3 Bf5 10.
Be2 d5 11. c5 Nc8 12. Bf3 e6 13. g4 Be4 14. Nxe4 dxe4 15. Bxe4 Nc6 16. Ne2 N8e7 17.
O-O f5 18. Bg2 Nd5 19. Nf4 Re8 20. Nxd5 exd5 21. gxf5 Qh4 22. Bxd5+ Kh8 23. Bxc6 bxc6 24. fxg6 hxg6 25. Qf3 Rad8 26. Qxc6 Re4 27. Kh1 Rf8 28. Bg5 Qh3 29. Qxe4 Rf5 30. Qh4+ Qxh4 31. Bxh4 1-0

[Event "Early-Titled-Tuesday-Blitz-October-24-2023"]
[Site "Chess.com"]
[Date "2023.10.24"]
[Round "7"]
[White "Dixit_Nikhil"]
[Black "FGHSMN"]
[Result "0-1"]
[WhiteElo "2617"]
[BlackElo "2885"]
[TimeControl "180+1"]
[EndTime "9:13:07 PDT"]
[Termination "FGHSMN won by resignation"]

1. e4 c5 2. Nf3 d6 3. d4 cxd4 4. Nxd4 Nf6 5. Nc3 Nc6 6. h3 g6 7.
g4 Bg7 8. Be3 O-O 9. Qd2 Nd7 10.
Be2 Nc5 11. f3 Bd7 12. h4 Nxd4 13. Bxd4 Bxd4 14. Qxd4 Ne6 15. Qe3 Bc6 16. h5 g5 17.
Bc4 Nf4 18. O-O-O Qb6 19. Qxb6 axb6 20. a3 Rac8 21. Bd5 h6 22. Rhe1 Kg7 23. Rd4 Rfd8 24. Rb4 b5 25. Rd4 e6 26. Bb3 Kf6 27. Rb4 Be8 28. Kb1 Rc5 29. Rd4 Ke7 30. Red1 Bc6 31. R1d2 Re5 32. Rb4 f5 33. gxf5 exf5 34. Nd5+ Bxd5 35.
exd5 Re3 36. Rxb5 Rd7 37. c4 Rxf3 38. c5 dxc5 39. d6+ Kf6 40. Rxc5 Rxb3 0-1

[Event "Early-Titled-Tuesday-Blitz-October-24-2023"]
[Site "Chess.com"]
[Date "2023.10.24"]
[Round "7"]
[White "adotand"]
[Black "Artemiki"]
[Result "1-0"]
[WhiteElo "2827"]
[BlackElo "2352"]
[TimeControl "180+1"]
[EndTime "9:13:09 PDT"]
[Termination "adotand won by checkmate"]

1. Nf3 Nf6 2. c4 c5 3. g3 Nc6 4. Bg2 g6 5. O-O Bg7 6. Nc3 O-O 7. d3 d6 8. Bd2 e5 9. Bg5 h6 10. Bxf6 Bxf6 11. Nd2 Bg7 12. Nd5 Be6 13. Ne4 f5 14. Nec3 Kh7 15. Rb1 a5 16. a3 Ne7 17. Nxe7 Qxe7 18. Nd5 Bxd5 19. Bxd5 e4 20. dxe4 fxe4 21. Qc2 Rae8 22. b4 e3 23. f3 axb4 24. axb4 b6 25. bxc5 bxc5 26. Rb7 Qf6 27. Kg2 Re7 28. Rfb1 Rfe8 29.
h4 h5 30. Be4 Kh6 31. Bd3 Qc3 32. Bxg6 Qxc2 33. Bxc2 Rxb7 34. Rxb7 Ra8 35. Rd7 Ra6 36. g4 hxg4 37. fxg4 Rb6 38. Kh3 Bh8 39. Rh7# 1-0

[Event "Early-Titled-Tuesday-Blitz-October-24-2023"]
[Site "Chess.com"]
[Date "2023.10.24"]
[Round "7"]
[White "PinaSoprano"]
[Black "Laico"]
[Result "1-0"]
[WhiteElo "2221"]
[BlackElo "2368"]
[TimeControl "180+1"]
[EndTime "9:13:09 PDT"]
[Termination "PinaSoprano won by resignation"]

1. d4 e6 2. c4 f5 3. Nc3 b6 4. Nf3 Bb4 5. Bg5 Bxc3+ 6. bxc3 Nf6 7. e3 Bb7 8. Bd3 O-O 9. Qc2 Qe8 10. Bxf6 Rxf6 11.
e4 Qh5 12. exf5 Rxf5 13. Bxf5 exf5 14. O-O-O Be4 15. Qd2 Nc6 16. Ne5 Na5 17. f3 Bb7 18. g4 fxg4 19. fxg4 Qe8 20. Rhe1 d6 21. Nd3 Qa4 22.
Re7 Nxc4 23. Qg5 1-0